 Dungeon Crawl Stone Soup version 0.27-a0-1206-g6342a01c75 (webtiles) character file.

Game seed: 3921607704078258685

249 Glokmah the Ruffian (level 5, -4/54 HPs)
             Began as a Troll Monk on June 5, 2021.
             Killed by nerve-wracking pain
             ... invoked by Grinder
              (8 damage)
             ... on level 5 of the Dungeon.
             The game lasted 00:02:32 (1951 turns).

Glokmah the Ruffian (Troll Monk)                    Turns: 1951, Time: 00:02:33

Health: -4/54      AC:  5    Str: 20    XL:     5   Next: 87%
Magic:  4/4        EV: 10    Int:  6    God:
Gold:   105        SH:  0    Dex: 12    Spells: 4/4 levels left

rFire    . . .     SeeInvis .     - Unarmed
rCold    . . .     Faith    .   (no shield)
rNeg     . . .     Spirit   .   a - +0 robe
rPois    .         Reflect  .   (helmet restricted)
rElec    .         Harm     .   j - +0 cloak
rCorr    .         Rampage  .   (gloves unavailable)
Will     .....                  (boots unavailable)
Stlth    ++........             e - amulet of the acrobat
HPRegen  1.18/turn              (no ring)
MPRegen  0.09/turn              (no ring)

@: no status effects
A: large, unfitting armour, claws 3, regeneration 1, shaggy fur 1, tough skin 1
a: no special abilities


You were on level 5 of the Dungeon.
You visited 1 branch of the dungeon, and saw 4 of its levels.

You collected 105 gold pieces.

Inventory:

Missiles
 h - a throwing net (quivered)
Armour
 a - a +0 robe (worn)
 j - a +0 cloak (worn)
Jewellery
 e - an amulet of the acrobat (around neck)
Scrolls
 b - a scroll of identify
Potions
 f - 2 potions of cancellation
 g - a potion of lignification {unknown}


   Skills:
 + Level 3.7 Fighting
 - Level 2.4 Dodging
 - Level 1.0 Stealth
 * Level 5.7 Unarmed Combat


You had 4 spell levels left.
You didn't know any spells.
Your spell library contained the following spells:

 Spells                   Type           Power      Damage    Failure   Level
 Summon Small Mammal      Summ           0%         N/A       45%         1
 Call Imp                 Summ           0%         N/A       58%         2
 Call Canine Familiar     Summ           0%         N/A       83%         3
 Summon Guardian Golem    Hex/Summ       0%         N/A       83%         3
 Summon Ice Beast         Ice/Summ       0%         N/A       99%         4
 Summon Lightning Spire   Summ/Air       0%         N/A       99%         4


Dungeon Overview and Level Annotations

Branches:
Dungeon (3/15)

Altars:

Annotations:
D:5 Grinder


Innate Abilities, Weirdness & Mutations

You are too large for most types of armour.
You have claws for hands.
Your natural rate of healing is unusually fast.
You are covered in fur. (AC +1)
You have tough skin. (AC +1)


Message History

You scratch Grinder.
Grinder is heavily wounded.
Grinder hits you.
You writhe in agony.
You barely miss Grinder.
Grinder is heavily wounded.
Grinder completely misses you.
You barely miss Grinder.
Grinder is heavily wounded.
Grinder hits you!
You writhe in agony.
You closely miss Grinder.
Grinder is heavily wounded.
Grinder closely misses you.
You claw Grinder!
Grinder is severely wounded.
You barely miss Grinder.
Grinder is severely wounded.
Grinder hits you.
You writhe in agony.
You closely miss Grinder.
Grinder is severely wounded.
Grinder hits you.
You writhe in agony.
* * * LOW HITPOINT WARNING * * *
You closely miss Grinder.
Grinder is severely wounded.
Grinder gestures at you. You resist with significant effort.
You claw Grinder!
Grinder is almost dead.
Grinder gestures at you. Pain shoots through your body!
* * * LOW HITPOINT WARNING * * *
You barely miss Grinder.
Grinder is almost dead.
Grinder gestures at you. Pain shoots through your body!
* * * LOW HITPOINT WARNING * * *
You closely miss Grinder.
Grinder is almost dead.
Grinder gestures at you. Pain shoots through your body!
You die...

#..# ####
##>.###########
...#
#...#....$....#
...+
#...'.........#
...#
...###.###.#######
...###....#.###.###
.....#....#..#....#
.....#....#..#....#
.....#....#..#.5@.#
.....#....#..##...#
.....#....#..##...#
.....+....'..####+#
.....#....#..#.....
'#####....####.....
...................
.##...##.##........
..#####...#...##+##


You could see Grinder.

Vanquished Creatures
  An ogre (D:5)
  Crazy Yiuf (D:2)
  Jessica (D:2)
  3 adders (D:2)
  3 gnolls (D:2)
  A dart slug (D:1)
  2 orcs (D:3)
  9 endoplasms
  A giant cockroach (D:2)
  3 goblins
  8 hobgoblins
  2 jackals (D:1)
  A ball python (D:3)
  8 bats
  A frilled lizard (D:1)
  A kobold (D:2)
  3 rats (D:1)
49 creatures vanquished.

Notes
Turn   | Place    | Note
-------+----------+-------------------------------------------
     0 | D:1      | Glokmah the Troll Monk began the quest for the Orb.
     0 | D:1      | Reached XP level 1. HP: 22/22 MP: 0/0
    56 | D:1      | Found a faded altar of an unknown god.
   175 | D:1      | Reached XP level 2. HP: 29/29 MP: 1/1
   424 | D:2      | Reached XP level 3. HP: 36/36 MP: 2/2
   428 | D:2      | Reached skill level 4 in Unarmed Combat
   854 | D:2      | Noticed Jessica
   857 | D:2      | Reached XP level 4. HP: 45/45 MP: 3/3
   879 | D:2      | Killed Jessica
  1156 | D:2      | Found a runed translucent door.
  1157 | D:2      | Noticed Crazy Yiuf
  1167 | D:2      | Killed Crazy Yiuf
  1168 | D:2      | Reached skill level 5 in Unarmed Combat
  1168 | D:2      | Reached XP level 5. HP: 12/53 MP: 1/4
  1656 | D:3      | Noticed a necrophage
  1657 | D:3      | You fall into a shaft and drop 2 floors!
  1657 | D:5      | Entered Level 5 of the Dungeon
  1814 | D:5      | Noticed an ogre
  1822 | D:5      | Killed an ogre
  1919 | D:5      | Noticed Grinder
  1934 | D:5      | Paralysed by Grinder for 5 turns
  1951 | D:5      | Killed from afar by Grinder

Illustrated notes

Levels and vault maps discovered:
D:1:      eino_arrival_water_cross, layout_rooms,
          chequers_ecumenical_altar_simple
D:2:      mumra_celtic_spiral_tile, layout_basic, serial_glass, glass_columns_a,
          glass_columns_b, uniq_crazy_yiuf_cottage, uniq_jessica
D:3:      layout_basic, fedhas_altar_1, hex_tiny
D:5:      layout_gridville, chequers_temple_overflow_statue_of_worship,
          minmay_misc_feat_tower, uniq_grinder, uniq_menkaure, uniq_edmund

Skill      XL: |  1  2  3  4 |
---------------+-------------+-----
Unarmed Combat | 4 5 |  5.7
Fighting       | 3 |  3.7
Dodging        | |  2.4
Stealth        | |  1.0

Action                   |  1- 3 |  4- 6 || total
-------------------------+-------+-------++-------
Melee: Unarmed           |    76 |    62 ||   138
       Punch             |     1 |       ||     1
  Use: Scroll            |       |     4 ||     4
 Stab: Sleeping          |     3 |       ||     3
Armor: Robe              |    28 |     5 ||    33
Dodge: Dodged            |    42 |    21 ||    63

Table legend: (Time is in decaauts)
 A = Elapsed time spent in this place.
 B = Non-inter-level travel time spent in this place.
 C = Inter-level travel time spent in this place.
 D = Time resting spent in this place.
 E = Time spent auto-exploring this place.
 F = Levels seen in this place.
 G = Mean time per level.
                   A        B        C        D        E       F      G
               +--------+--------+--------+--------+--------+-----+--------+
         Total |   1927 |   1762 |    165 |    135 |   1220 |   4 |  481.8 |
       Dungeon |   1927 |   1762 |    165 |    135 |   1220 |   4 |  481.8 |
               +--------+--------+--------+--------+--------+-----+--------+

Top non-repeatable levels by time:
     D:2: 1108 daAuts
     D:1: 405 daAuts
     D:5: 291 daAuts
     D:3: 122 daAuts
